 Dungeon Crawl Stone Soup version 0.17.1-1-g73c8601 (webtiles) character file.

10556 Mysteryquy the Cleaver (level 11, 0/97 HPs)
             Began as a Minotaur Fighter on Dec 31, 2015.
             Was a High Priest of Okawaru.
             Slain by a sun demon (19 damage)
             ... in a volcano on Jan 1, 2016.
             The game lasted 00:36:00 (10167 turns).

Mysteryquy the Cleaver (Minotaur Fighter)          Turns: 10167, Time: 00:36:00

Health: 0/97       AC: 20    Str: 21      XL:     11   Next: 37%
Magic:  10/10      EV:  5    Int:  5      God:    Okawaru [*****.]
Gold:   520        SH: 11    Dex:  9 (11) Spells: 0 memorised, 10 levels left

rFire  . . .     SeeInvis +     a - +1 war axe
rCold  . . .     Clarity  .     P - +1 plate armour
rNeg   . . .     SustAt   .     c - +0 shield
rPois  .         Gourm    .     (helmet restricted)
rElec  .         Spirit   .     S - +1 cloak
rCorr  .         Warding  .     (no gloves)
rMut   .         Stasis   .     (no boots)
MR     +....                    n - amulet of faith
Stlth  ..........               G - ring of protection from magic
                                u - ring of flight

@: somewhat resistant to hostile enchantments, extremely unstealthy
A: retaliatory headbutt, horns 2, talons 1, yellow scales 1, see invisible,
deterioration 1, screaming 1, shaggy fur 1, weak 1
a: Heroism, Finesse, Renounce Religion, Evoke Flight


You were in a volcano.
You worshipped Okawaru.
Okawaru was extremely pleased with you.
You were not hungry.

You visited 3 branches of the dungeon, and saw 11 of its levels.
You also visited: Sewer, Ossuary and Volcano.

You collected 718 gold pieces.
You spent 198 gold pieces at shops.

Inventory:

Hand Weapons
 a - a +1 war axe (weapon)
Armour
 c - a +0 shield (worn)
 P - a +1 plate armour (worn)
 S - a +1 cloak (worn)
Jewellery
 d - a +2 ring of intelligence {unknown}
 h - an uncursed amulet of resist mutation
 l - an uncursed ring of see invisible
 m - an uncursed ring of ice
 n - an amulet of faith (around neck)
 u - a ring of flight (left hand)
 G - a ring of protection from magic (right hand)
 O - an uncursed amulet of stasis {unknown}
Wands
 p - a wand of flame (48)
 K - a wand of lightning (4)
 Q - a wand of digging (21)
Scrolls
 b - a scroll of blinking
 g - 7 scrolls of identify
 j - 4 scrolls of teleportation
 o - 2 scrolls of fear
 s - a scroll of immolation
 x - a scroll of amnesia
 F - a scroll of enchant weapon
 M - 2 scrolls of remove curse
Potions
 f - 2 potions of invisibility
 i - 8 potions of brilliance {unknown}
 k - a potion of heal wounds
 q - a potion of might
 v - 2 potions of ambrosia
 w - 2 potions of cure mutation
 A - a potion of berserk rage
 B - a potion of flight {unknown}
 C - a potion of cancellation
 E - a potion of degeneration {unknown}
 I - a potion of curing
 L - a potion of agility {unknown}
Books
 y - a Necronomicon

   Spells                             Type                      Level
   a - Haunt                          Necromancy/Summoning         7
   b - Borgnjor's Revivification      Necromancy                   8
   c - Death's Door                   Charms/Necromancy            8
   d - Necromutation                  Transmutation/Necromancy     8
 R - a book of Hinderance

   Spells                             Type                      Level
   a - Confusing Touch                Hexes                        2
   b - Confuse                        Hexes                        3
   c - Gell's Gravitas                Hexes/Translocation          3
   d - Petrify                        Transmutation/Earth          4
   e - Metabolic Englaciation         Hexes/Ice                    5
Comestibles
 e - 10 bread rations
 r - a royal jelly
 z - a meat ration


   Skills:
 + Level 9.4 Fighting
 * Level 14.9 Axes
 + Level 9.2 Armour
 - Level 1.1 Stealth
 + Level 9.1 Shields
 - Level 1.1 Evocations


You had 10 spell levels left.
You didn't know any spells.

Dungeon Overview and Level Annotations

Branches:
Dungeon (9/15)             Temple (1/1) D:6            Lair (1/8) D:9
    Orc (0/4) D:9

Altars:
Ashenzari
Cheibriados
Dithmenos
Elyvilon
Fedhas
Gozag
Kikubaaqudgha
Makhleb
Nemelex Xobeh
Okawaru
Qazlal
Ru
Sif Muna
Trog
Vehumet
Xom
Yredelemnul
Zin
The Shining One

Shops:
D:4 !

Annotations:
Lair:1 Grum


Innate Abilities, Weirdness & Mutations

You reflexively headbutt those who attack you in melee.
You have a pair of horns on your head.
You have sharp toenails.
You are partially covered in yellow scales (AC +2).
You have supernaturally acute eyesight.
Your body sometimes deteriorates upon taking damage.
You occasionally shout uncontrollably at your foes.
You are covered in fur (AC +1).
You are weak. (Str -2)


Message History

The toenail golem hits you but does no damage.
You slash the sun demon!
You claw the sun demon, but do no damage.
The sun demon is moderately wounded.
You slash the toenail golem!
The toenail golem is lightly damaged.
The sun demon hits you!
Your body deteriorates!
You feel clumsy.
You are engulfed in flames!
* * * LOW HITPOINT WARNING * * *
Read which item? (? for menu, Esc to quit)
As you read the scroll of fear, it crumbles to dust.
You assume a fearsome visage.
The crimson imp is unaffected.
The sun demon is unaffected.
The toenail golem is unaffected.
The crimson imp blinks!
The toenail golem hits you but does no damage.
The sun demon hits you.
* * * LOW HITPOINT WARNING * * *
You are engulfed in flames!!
You die...

##.....§≈§§§§...
#......§≈§§....
##...##..≈....#
#8.8###.....##
##.## #...## #.#
..## ########'#
### #...§8##.#
#...#3@#.####
#.5.#.##..#)##
#..3#.≈###.#)###
#..8#§≈≈#)#.##)#
#[([#§≈≈##)#..##
#!_!#.≈≈§#####.#
#)))#.§≈≈≈≈#...#
#..§§...#)##
###########


You could see a toenail golem and a sun demon.

Vanquished Creatures
  Pikel (D:4)
  6 statues (Volcano)
  A komodo dragon (Lair:1)
  6 fire bats (Volcano)
  A warg (D:9)
  A hippogriff (Lair:1)
  Menkaure (D:4)
  A porcupine (Lair:1)
  2 water moccasins
  4 phantoms
  An ice beast (D:6)
  3 necrophages
  A black bear (D:7)
  5 ogres
  5 orc warriors
  4 sky beasts
  A centaur (D:8)
  4 giant frogs
  A crocodile (D:7)
  9 big kobolds (D:8)
  A gnoll sergeant (D:6)
  3 scorpions
  4 wights (D:8)
  5 lava snakes (Volcano)
  17 killer bees
  A centaur zombie (D:6)
  A giant frog zombie (D:7)
  4 crimson imps
  2 jellies
  A centaur skeleton (D:6)
  Crazy Yiuf (D:7)
  A giant frog skeleton (D:7)
  7 orc priests
  4 hounds
  8 worker ants
  4 orc wizards
  3 iguanas
  2 hound skeletons (D:7)
  8 mummies (Ossuary)
  2 worker ant zombies
  6 gnolls (D:6)
  10 adders
  10 river rats
  2 shadow imps
  3 adder skeletons
  An adder zombie (D:5)
  4 worms
  5 giant geckos
  20 orcs
  7 ball pythons
  4 bats
  6 hobgoblins
  31 jackals
  23 kobolds
  3 quokkas
  4 giant cockroaches
  A giant gecko zombie (D:8)
  6 giant newts
  2 gnoll zombies (Ossuary)
  6 goblins
  2 hobgoblin zombies (Ossuary)
  3 kobold zombies (Ossuary)
  An orc zombie (Ossuary)
  A quokka skeleton (D:6)
  8 rats
  10 fungi
  A plant (D:9)
317 creatures vanquished.

Vanquished Creatures (others)
  Eustachio (D:4)
  3 slaves (D:4)
4 creatures vanquished.

Grand Total: 321 creatures vanquished

Notes
Turn   | Place    | Note
--------------------------------------------------------------
     0 | D:1      | Mysteryquy the Minotaur Fighter began the quest for the Orb.
     0 | D:1      | Reached XP level 1. HP: 19/19 MP: 0/0
   209 | D:1      | Reached XP level 2. HP: 20/27 MP: 1/1
   278 | D:1      | Reached skill level 4 in Fighting
   724 | D:2      | Reached XP level 3. HP: 31/33 MP: 2/2
  1153 | D:3      | Reached XP level 4. HP: 37/40 MP: 3/3
  1715 | D:4      | Noticed an ogre
  1727 | D:4      | Killed an ogre
  1727 | D:4      | Reached skill level 5 in Axes
  1727 | D:4      | Reached skill level 1 in Stealth
  1727 | D:4      | Reached XP level 5. HP: 43/46 MP: 4/4
  1810 | D:4      | Gained mutation: You are partially covered in yellow scales (AC +2). [potion of mutation]
  1810 | D:4      | Gained mutation: You are covered in fur (AC +1). [potion of mutation]
  1810 | D:4      | Gained mutation: Your mind is acute. (Int +2) [potion of mutation]
  1815 | D:4      | Noticed an ogre
  1827 | D:4      | HP: 2/46 [ogre/giant club (13)]
  1829 | D:4      | Killed an ogre
  1829 | D:4      | Reached skill level 6 in Axes
  1829 | D:4      | Reached XP level 6. HP: 3/52 MP: 5/5
  1999 | D:4      | Noticed Menkaure
  2013 | D:4      | Killed Menkaure
  2013 | D:4      | Reached skill level 7 in Axes
  2028 | D:4      | Noticed Eustachio
  2178 | D:4      | Found a glowing drain.
  2188 | Sewer    | Entered a sewer
  2411 | Sewer    | Reached skill level 8 in Axes
  2594 | D:4      | Noticed Pikel
  2618 | D:4      | Killed Pikel
  2618 | D:4      | Reached skill level 10 in Axes
  2618 | D:4      | Reached skill level 1 in Evocations
  2618 | D:4      | Reached XP level 7. HP: 43/59 MP: 6/6
  2619 | D:4      | Noticed a freed slave
  2623 | D:4      | Noticed a freed slave
  2624 | D:4      | Noticed a freed slave
  2625 | D:4      | Noticed a freed slave
  2723 | D:4      | Killed a freed slave
  2739 | D:4      | Found Entyskun's Distillery.
  2742 | D:4      | Bought 2 potions of berserk rage for 110 gold pieces
  2742 | D:4      | Bought a potion of invisibility for 88 gold pieces
  2752 | D:4      | Killed a freed slave
  2792 | D:4      | Killed a freed slave
  2803 | D:4      | Killed Eustachio
  2867 | D:4      | Noticed an ogre
  2874 | D:4      | Killed an ogre
  2874 | D:4      | Reached XP level 8. HP: 57/66 MP: 7/7
  2891 | D:4      | Noticed a phantom
  2907 | D:4      | Killed a phantom
  2967 | D:4      | Reached skill level 11 in Axes
  3084 | D:5      | Entered Level 5 of the Dungeon
  3518 | D:6      | Reached skill level 5 in Fighting
  3526 | D:6      | Reached skill level 5 in Armour
  3526 | D:6      | Reached skill level 5 in Shields
  3830 | D:6      | Reached XP level 9. HP: 62/74 MP: 8/8
  3852 | D:6      | Found a sand-covered staircase.
  3883 | Ossuary  | Entered an ossuary
  3923 | Ossuary  | Reached skill level 12 in Axes
  4223 | D:6      | Found a staircase to the Ecumenical Temple.
  4236 | Temple   | Entered the Ecumenical Temple
  4330 | Temple   | Became a worshipper of Warmaster Okawaru
  5047 | D:7      | Reached * piety under Okawaru
  5525 | D:7      | Lost mutation: Your mind is acute. (Int +2) [mutagenic meat]
  5757 | D:7      | Noticed Crazy Yiuf
  5760 | D:7      | Killed Crazy Yiuf
  5890 | D:7      | Reached ** piety under Okawaru
  5890 | D:7      | Reached skill level 13 in Axes
  6327 | D:8      | Reached XP level 10. HP: 57/86 MP: 9/9
  6480 | D:8      | Gained mutation: You have supernaturally acute eyesight. [mutagenic meat]
  6481 | D:8      | Gained mutation: You have sharp toenails. [mutagenic meat]
  6482 | D:8      | Gained mutation: You can spit weak poison. [mutagenic meat]
  6483 | D:8      | Gained mutation: You are weak. (Str -2) [mutagenic meat]
  6798 | D:8      | Reached *** piety under Okawaru
  7083 | D:8      | Reached **** piety under Okawaru
  7089 | D:8      | Gained mutation: Your body sometimes deteriorates upon taking damage. [mutagenic meat]
  7090 | D:8      | Gained mutation: You occasionally shout uncontrollably at your foes. [mutagenic meat]
  7091 | D:8      | Lost mutation: You can spit weak poison. [mutagenic meat]
  7604 | D:9      | Found a staircase to the Orcish Mines.
  7872 | D:9      | Found a white marble altar of Elyvilon.
  7872 | D:9      | Found a snail-covered altar of Cheibriados.
  7872 | D:9      | Found a burning altar of Makhleb.
  7874 | D:9      | Found a radiant altar of Vehumet.
  7874 | D:9      | Found a deep blue altar of Sif Muna.
  7921 | D:9      | Reached skill level 14 in Axes
  8006 | D:9      | Found a staircase to the Lair.
  8329 | Lair:1   | Entered Level 1 of the Lair of Beasts
  8329 | Lair:1   | Noticed an elephant
  8331 | Lair:1   | Noticed an elephant
  8335 | Lair:1   | Noticed an elephant
  8340 | Lair:1   | Noticed an elephant
  8341 | Lair:1   | Noticed Grum
  8493 | Lair:1   | Reached ***** piety under Okawaru
  8603 | Lair:1   | Found a dark tunnel.
  8609 | Volcano  | Entered a volcano
  8640 | Volcano  | Received a gift from Okawaru
  8864 | Volcano  | Reached XP level 11. HP: 53/95 MP: 10/10
  8896 | Volcano  | HP: 4/95 [lava snake/glob of lava (28)]
  9634 | Volcano  | Noticed a lasher statue
  9634 | Volcano  | Noticed a lasher statue
  9745 | Volcano  | Killed a lasher statue
  9756 | Volcano  | Killed a lasher statue
  9757 | Volcano  | Noticed a lasher statue
  9777 | Volcano  | Killed a lasher statue
  9778 | Volcano  | Noticed a lasher statue
  9842 | Volcano  | Killed a lasher statue
  9908 | Volcano  | Noticed a lasher statue
  9997 | Volcano  | Killed a lasher statue
 10077 | Volcano  | Noticed a lasher statue
 10086 | Volcano  | Killed a lasher statue
 10157 | Volcano  | Found a bloodstained altar of Trog.
 10157 | Volcano  | Noticed a sun demon
 10157 | Volcano  | Noticed a toenail golem
 10167 | Volcano  | Slain by a sun demon

Action                   |  1- 3 |  4- 6 |  7- 9 | 10-12 || total
-------------------------+-------+-------+-------+-------++-------
Melee: War axe           |   101 |   145 |   400 |   463 ||  1109
Evoke: Wand              |       |     4 |     3 |       ||     7
  Use: Potion            |       |     9 |     2 |       ||    11
       Scroll            |       |     2 |       |    15 ||    17
 Stab: Distracted        |       |       |       |     1 ||     1
  Eat: Chunk             |     1 |     5 |    11 |    15 ||    32
       Pizza             |       |       |     1 |     1 ||     2
       Fruit             |       |       |       |     2 ||     2
       Meat ration       |       |       |       |     1 ||     1
